 Dungeon Crawl Stone Soup version 0.31-a0-543-geaa9c7a2c0 (webtiles) character file.

Game seed: 14060145521834179444

529 Ethylacetat the Insei (level 7, 0/48 HPs)
             Began as an Octopode Gladiator on Aug 15, 2023.
             Slain by a gnoll
             ... wielding a +0 whip
             ... led by a gnoll bouda
              (6 damage)
             ... on level 5 of the Dungeon.
             The game lasted 00:05:27 (3564 turns).

Ethylacetat the Insei (Octopode Gladiator)          Turns: 3564, Time: 00:05:28

Health: 0/48       AC:  1    Str: 14    XL:     7   Next: 24%
Magic:  16/16      EV: 15    Int: 10    God:
Gold:   238        SH:  0    Dex: 15    Spells: 6/6 levels left

rFire   . .          .
                       - Unarmed
rCold   . . .        (no shield)
rNeg    . . .        a - +0 hat
rPois   .            m - amulet of magic regeneration
rElec   .            h - ring of magical power
rCorr   .            o - ring of see invisible
SInv    +            (no ring)
Will    .....        (no ring)
Stlth   ++           (no ring)
HPRegen 0.28/turn    (no ring)
MPRegen 0.55/turn    (no ring)
                     (no ring)

%: no passive effects
@: hasted, very quick
A: almost no armour, amphibious, 8 rings, camouflage 1, gelatinous body 1,
(nimble swimmer 1), tentacles
a: no special abilities


You were on level 5 of the Dungeon.
You visited 1 branch of the dungeon, and saw 5 of its levels.

You collected 238 gold pieces.

Inventory:

Missiles
 b - 4 throwing nets (quivered)
 c - a javelin
Armour
 a - a +0 hat (worn)
Jewellery
 h - a ring of magical power (left tentacle)
 m - an amulet of magic regeneration (around mantle)
 o - a ring of see invisible (right tentacle)
Talismans
 n - a serpent talisman
Wands
 p - a wand of polymorph (7)
Scrolls
 d - a scroll of amnesia {unknown}
 e - 5 scrolls of fog {unknown}
 g - a scroll of blinking {unknown}
 i - 3 scrolls of identify {unknown}
 j - a scroll of fear {unknown}
 l - 2 scrolls of immolation {unknown}
Potions
 k - a potion of might {unknown}


   Skills:
 + Level 4.3 Fighting
 - Level 2.0 Throwing
 + Level 4.8 Dodging
 + Level 4.8 Unarmed Combat
 * Level 2.4 Shapeshifting


You had 6 spell levels left.
You didn't know any spells.
Your spell library contained the following spells:

 Spells                   Type           Power      Damage    Failure   Level
 Ensorcelled Hibernation  Hex/Ice        0%         N/A       50%         2
 Passwall                 Tmut/Erth      0%         N/A       50%         2
 Swiftness                Air            0%         N/A       75%         3
 Vhi's Electric Charge    Tloc/Air       0%         N/A       75%         3
 Arcjolt                  Conj/Air       0%         1d10      100%        5
 Plasma Beam              Fire/Air       0%         2x1d10    100%        6


Dungeon Overview and Level Annotations

Branches:
Dungeon (5/15)             Temple (0/1) D:4

Altars:
Nemelex Xobeh
Vehumet

Shops:
D:1 [


Innate Abilities, Weirdness & Mutations

You cannot wear most types of armour.
You are amphibious.
You can wear up to eight rings at the same time.
Your skin changes colour to match your surroundings (Stealth+).
Your rubbery body absorbs attacks. (AC +1, EV +1)
((You are camouflaged when in or above water. (Stealth+)))
You have tentacles for arms and can constrict up to eight enemies at once.


Message History

You tentacle-slap the gnoll.
The gnoll is severely wounded.
You constrict the gnoll.
You kill the gnoll!
A gnoll comes into view. It is wielding a +0 whip.
The gnoll shouts!
You hear a shout!
The gnoll bouda hits you with a +0 spear!
Things that are here:
a +1 short sword of venom; a gnoll corpse You bludgeon the gnoll bouda!
You grab the gnoll bouda.
The gnoll bouda is heavily wounded.
You constrict the gnoll bouda. The gnoll bouda closely misses you.
You tentacle-slap the gnoll bouda.
The gnoll bouda is severely wounded.
You constrict the gnoll bouda.
The gnoll bouda prays to its god.
The gnoll bouda is healed somewhat.
You tentacle-slap the gnoll bouda.
You squeeze the gnoll bouda, but do no damage.
The gnoll bouda is severely wounded.
You constrict the gnoll bouda.
The gnoll bouda barks out a call to the hunt!
The gnoll picks up the pace!
You tentacle-slap the gnoll bouda but do no damage.
You squeeze the gnoll bouda.
You kill the gnoll bouda!
The gnoll hits you with a +0 whip!
* * * LOW HITPOINT WARNING * * *
You barely miss the gnoll. You grab the gnoll. You constrict the gnoll.
The gnoll hits you with a +0 whip.
* * * LOW HITPOINT WARNING * * *
It was a potion of haste.
You feel yourself speed up.
You constrict the gnoll. The gnoll misses you.
You release your grip on the gnoll.
You see here a +0 halberd.
You see here a +0 whip.
You see here a throwing net.
b - 4 throwing nets (gained 1)
The gnoll attacks as you move away! The gnoll hits you with a +0 whip.
You die... g

#......... #.#
#.##...... #.# #)#
..... #.# #)# ....
#.# #)# ### #.#
#)# #.# #g# #..#.#
#g# #..#.## #@#
#.$.... #.#
#.##.## #.# #.##.#
#.# #.##.#
#.##########.##.#
#...............##
############......
#######


You could see 2 gnolls.

Vanquished Creatures
  A black bear (D:4)
  An ogre (D:4)
  2 hounds (D:4)
  A jelly (D:4)
  A sleepcap (D:4)
  Jessica (D:3)
  A gnoll bouda (D:5)
  7 adders
  3 gnolls (D:5)
  3 dart slugs
  11 orcs
  9 ball pythons
  6 endoplasms
  3 giant cockroaches
  9 goblins
  5 hobgoblins
  3 jackals (D:3)
  3 quokkas
  6 bats
  5 frilled lizards
  11 kobolds
  4 rats
96 creatures vanquished.

Notes
Turn   | Place    | Note
-------+----------+-------------------------------------------
     0 | D:1      | Ethylacetat the Octopode Gladiator began the quest for the
                  | Orb.
     0 | D:1      | Reached XP level 1. HP: 14/14 MP: 1/1
   162 | D:1      | Found Beazoc Ynuo's Antique Armour Boutique.
   217 | D:1      | Reached XP level 2. HP: 14/19 MP: 2/2
   912 | D:2      | Reached XP level 3. HP: 15/25 MP: 3/3
  1720 | D:3      | Reached XP level 4. HP: 23/30 MP: 4/4
  1834 | D:3      | Noticed Jessica
  1841 | D:3      | Killed Jessica
  1986 | D:3      | Found a radiant altar of Vehumet.
  2101 | D:3      | Reached XP level 5. HP: 19/36 MP: 5/5
  2678 | D:4      | Reached skill level 1 in Shapeshifting
  2678 | D:4      | Reached XP level 6. HP: 29/43 MP: 6/6
  2767 | D:4      | Noticed a black bear
  2774 | D:4      | Killed a black bear
  2915 | D:4      | Found a sparkling altar of Nemelex Xobeh.
  2951 | D:4      | Reached XP level 7. HP: 30/48 MP: 7/7
  3035 | D:4      | Found a staircase to the Ecumenical Temple.
  3385 | D:5      | Entered Level 5 of the Dungeon
  3564 | D:5      | Slain by a gnoll

Illustrated notes

Levels and vault maps discovered:
D:1:      dpeg_arrival_circle_labyrinth_a, layout_basic, serial_shops, shop,
          minmay_ruptured
D:2:      layout_basic, hangedman_glass_teeth
D:3:      layout_rooms, mainiacjoe_overflow_alcove_1, minmay_vboxes,
          uniq_jessica
D:4:      layout_basic, mainiacjoe_overflow_cross_hatched,
          minmay_temple_entry_grid
D:5:      layout_basic, marbit_many_paths, nicolae_ossuary_entry_monument

Skill      XL: |  1  2  3  4  5  6 |
---------------+-------------------+-----
Fighting       | 3 4 |  4.3
Unarmed Combat | 4 |  4.8
Dodging        | 4 |  4.8
Shapeshifting  | 1 2 |  2.4
Throwing       | |  2.0

Action                     |  1- 3 |  4- 6 |  7- 9 || total
---------------------------+-------+-------+-------++-------
  Melee: Unarmed           |    85 |   102 |    28 ||   215
         Constrict         |    25 |    27 |     8 ||    60
         Tentacles         |    10 |    30 |     8 ||    48
         Punch             |     1 |     1 |     1 ||     3
  Throw: Javelin           |       |     1 |       ||     1
    Use: Potion            |       |     2 |     1 ||     3
   Stab: Sleeping          |     6 |     4 |     1 ||    11
         Distracted        |     1 |       |       ||     1
 Armour: Skin              |     9 |     6 |     1 ||    16
  Dodge: Dodged            |    34 |    53 |    19 ||   106

Table legend: (Time is in decaauts)
 A = Elapsed time spent in this place.
 B = Non-inter-level travel time spent in this place.
 C = Inter-level travel time spent in this place.
 D = Time resting spent in this place.
 E = Time spent auto-exploring this place.
 F = Levels seen in this place.
 G = Mean time per level.
                   A        B        C        D        E       F      G
               +--------+--------+--------+--------+--------+-----+--------+
         Total |   3545 |   3428 |    117 |      6 |   2729 |   5 |  709.0 |
       Dungeon |   3545 |   3428 |    117 |      6 |   2729 |   5 |  709.0 |
               +--------+--------+--------+--------+--------+-----+--------+

Top non-repeatable levels by time:
     D:4: 1030 daAuts
     D:2: 895 daAuts
     D:1: 781 daAuts
     D:3: 662 daAuts
     D:5: 175 daAuts
